 Dungeon Crawl Stone Soup version 0.18.1-50-g88ac8fd (webtiles) character file.

126114 varam the Grappler (level 16, -3/163 HPs)
             Began as a Troll Monk on Oct 22, 2016.
             Was a High Priest of Okawaru.
             Killed from afar by a starcursed mass (8 damage)
             ... with an accursed screaming
             ... on level 3 of the Abyss.
             The game lasted 01:42:08 (25900 turns).

varam the Grappler (Troll Monk)                    Turns: 25900, Time: 01:42:08

Health: -3/163     AC: 28    Str: 28      XL:     16   Next: 43%
Magic:  17/20      EV: 14    Int:  3 (4)  God:    Okawaru [*****.]
Gold:   829        SH:  0    Dex: 17      Spells: 0 memorised, 15 levels left

rFire  . . .     SeeInvis +       - Unarmed
rCold  . . .     Gourm    +     c - +2 storm dragon armour
rNeg   . . .     Faith    .     (no shield)
rPois  .         Spirit   .     (helmet restricted)
rElec  +         Dismiss  .     Q - +1 cloak {+Inv}
rCorr  .         Reflect  +     (gloves unavailable)
SustAt +         Harm     .     (boots unavailable)
MR     +....                    n - +3 amulet of reflection
Stlth  ..........               l - ring "Muom" {SustAt +Fly Int-2 Slay+6 SInv}
                                w - +5 ring of protection

@: confused, mighty, finesse, very slightly contaminated, invisible (expiring),
somewhat resistant to hostile enchantments, extremely unstealthy
A: unfitting armour, claws 3, horns 1, large bone plates 1, fast metabolism 3,
gourmand, regeneration 2, shaggy fur 1, tough skin 2
a: Heroism, Finesse, Renounce Religion, Evoke Flight


You were on level 3 of the Abyss.
You worshipped Okawaru.
Okawaru was extremely pleased with you.
You were full.

You visited 4 branches of the dungeon, and saw 26 of its levels.
You visited the Abyss 1 time.
You also visited: Bailey.

You collected 2794 gold pieces.
You spent 1965 gold pieces at shops.

Inventory:

Missiles
 e - 8 javelins of penetration
 f - 3 silver javelins (quivered)
 u - 26 large rocks
 z - 7 tomahawks of returning
 G - 5 tomahawks of dispersal
Armour
 c - a +2 storm dragon armour (worn)
 Q - a +1 cloak of invisibility (worn)
Jewellery
 l - the ring "Muom" (right claw) {SustAt +Fly Int-2 Slay+6 SInv}
   (You bought it in a shop on level 2 of the Orcish Mines)

   [ring of sustain attributes]

   It sustains your strength, intelligence and dexterity.
   It affects your intelligence (-2).
   It affects your accuracy and damage with ranged weapons and melee attacks
   (+6).
   It lets you see invisible.
   It lets you fly.
 n - a +3 amulet of reflection (around neck)
 r - an uncursed ring of protection from cold {unknown}
 w - a +5 ring of protection (left claw)
 H - an uncursed ring of resist corrosion {unknown}
 T - an uncursed ring of protection from fire
 U - an uncursed amulet of rage
Wands
 h - a wand of teleportation (5/9)
 y - a wand of digging (8/24)
 C - a wand of lightning (5/15)
 E - a wand of polymorph (13/24)
 F - a wand of flame (7/48)
 I - a wand of iceblast (4/15)
 J - a wand of flame (29/48)
 Y - a wand of flame (18/48)
Scrolls
 a - 8 scrolls of fog
 i - 4 scrolls of blinking
 m - 15 scrolls of remove curse {@r2}
 o - a scroll of noise {unknown}
 x - 7 scrolls of teleportation
 B - 2 scrolls of identify {@r1}
 O - a scroll of fear
Potions
 g - 3 potions of might
 j - a potion of curing {@q1}
 k - 6 potions of lignification
 q - a potion of magic {unknown}
 L - a potion of agility {unknown}
 R - a potion of berserk rage
 V - 6 potions of flight
Books
 K - a book of the Warp

   Spells                             Type                      Level
   a - Recall                         Summoning/Translocation      3
   b - Gell's Gravitas                Hexes/Translocation          3
   c - Force Lance                    Conjuration/Translocation    4
   d - Warp Weapon                    Charms/Translocation         5
   e - Summon Forest                  Summoning/Translocation      5
Miscellaneous
 p - a plain deck of defence
 s - a phial of floods
Comestibles
 b - 14 bread rations
 d - 9 meat rations
 t - 3 slices of pizza
 v - 3 beef jerkies
 D - 34 fruits
 P - 2 royal jellies


   Skills:
 + Level 11.5 Fighting
 + Level 8.9 Throwing
 + Level 8.3 Armour
 + Level 13.1 Dodging
 - Level 2.3 Stealth
 + Level 14.0 Unarmed Combat
 - Level 6.7 Invocations
 + Level 6.2 Evocations


You had 15 spell levels left.
You didn't know any spells.

Dungeon Overview and Level Annotations

Branches:
Dungeon (15/15)            Temple (1/1) D:4            Lair (8/8) D:11
 Shoals (0/4) Lair:4        Snake (0/4) Lair:5        Slime (0/6) Lair:8
    Orc (2/2) D:12            Elf (0/3) Orc:2        Vaults (0/5) D:14
 Depths: D:15

Altars:
Ashenzari
Cheibriados
Dithmenos
Elyvilon
Fedhas
Gozag
Kikubaaqudgha
Makhleb
Nemelex Xobeh
Okawaru
Pakellas
Qazlal
Ru
Sif Muna
Trog
Vehumet
Xom
Yredelemnul
Zin
The Shining One

Shops:
D:6 (   D:8 :   D:11 =   Orc:2 =(*:

Annotations:
D:5 exclusion: statue
D:15 Louise


Innate Abilities, Weirdness & Mutations

You are too large for most types of armour.
You have claws for hands.
Your metabolism is lightning-fast.
You like to eat raw meat.
You heal very quickly.
You are covered in fur (AC +1).
You have very tough skin (AC +2).
You have a pair of small horns on your head.
You are partially covered in large bone plates (AC +2, SH +2).


Message History

You feel like a meek peon again.
A starcursed mass splits.
A chorus of shrieks assaults your mind.
* * * LOW HITPOINT WARNING * * *
A smoke demon comes into view.
A chorus of shrieks assaults your mind.
* * * LOW HITPOINT WARNING * * *
The large abomination hits you!
* * * LOW HITPOINT WARNING * * *
You mangle the giant orange brain!!
You kill the giant orange brain!
Okawaru accepts your kill.
The smoke demon dissolves into shadows!
The smoke demon roars!
A chorus of shrieks assaults your mind.
* * * LOW HITPOINT WARNING * * *
Drink which item? (? for menu, Esc to quit)
You feel very mighty all of a sudden. A chorus of shrieks assaults your mind.
You die...

##...... .##..#...#
. .........# .
.......# ## .
.........#.. #.
...##....#.# .
...)(..(.#.# ###.#
..#..(..@...# ...##
...........###......
........X###.#..
#..#.....X#..#. .
#...#(....X#..#
#....##...#3.# ..
#.........#$# #..#
.. .....#.#.#. . #
.(...###.# ## #


You could see 2 starcursed masses, a large abomination and a smoke demon.

Vanquished Creatures
  Rupert (Lair:3)
  A tentacled starspawn (Abyss:3)
  A deep elf sorcerer (D:12)
  A frost giant (D:14)
  A stone giant (Orc:1)
  The ghost of varam the Grappler, a journeyman TrMo of Okawaru (Orc:2)
  5 vault guards (D:14)
  2 rakshasas (Abyss:3)
  8 hydras
  A catoblepas (Lair:8)
  The ghost of Monkfish the Cleaver, a novice MiBe of Trog (D:8)
  A queen ant (Lair:2)
  A deep troll shaman (Lair:8)
  2 centaur warriors
  11 death yaks
  2 vampire magi (D:12)
  7 thrashing horrors (Abyss:3)
  A tengu warrior (D:10)
  3 orc high priests (Orc:2)
  A wretched star (Abyss:3)
  The ghost of dvd the Magician, a novice DsFE (Bailey)
  2 unseen horrors
  3 hill giants
  An unseen horror (shapeshifter) (D:14)
  8 skeletal warriors
  A giant orange brain (Abyss:3)
  A wolf spider zombie (D:14)
  A lindwurm (Lair:8)
  5 orc knights
  7 deep elf magi
  A wizard (D:14)
  7 orc sorcerers
  5 cyclopes
  An oklob plant (Lair:1)
  7 ugly things
  4 griffons
  2 manticores
  A worldbinder (Abyss:3)
  15 elephants
  2 sirens (Lair:4)
  A dire elephant zombie (Abyss:3)
  A guardian serpent (Lair:5)
  7 black mambas
  18 spiny frogs
  A gargoyle (D:14)
  A torpor snail (Lair:4)
  2 centaur skeletons
  4 naga magi (D:12)
  3 kobold demonologists
  9 komodo dragons
  A yaktaur (D:14)
  2 tengu conjurers
  An ancient zyme (Abyss:3)
  2 large abominations (Abyss:3)
  26 blink frogs
  10 trolls
  A polar bear (Lair:8)
  17 slime creatures
  A spriggan (shapeshifter) (Abyss:3)
  A shadow (D:14)
  61 yaks
  A ynoxinul (Abyss:3)
  5 basilisks
  2 humans (Lair:7)
  10 hippogriffs
  3 vampire mosquitoes (D:14)
  A steam dragon (D:9)
  3 hungry ghosts
  4 wargs
  17 soldier ants
  7 water moccasins
  A small abomination (Abyss:3)
  A black bear (D:8)
  13 porcupines
  34 orc warriors
  A wasp (D:14)
  9 ice beasts
  2 phantoms
  2 eyes of draining (D:14)
  3 sky beasts
  14 ogres
  10 wolves
  5 centaurs
  18 crocodiles
  4 big kobolds
  17 giant frogs
  A water moccasin zombie (D:8)
  A wyvern zombie (D:6)
  5 scorpions
  15 killer bees
  10 wights (D:6)
  5 electric eels
  A giant frog zombie (D:10)
  3 howler monkeys
  4 crimson imps
  2 centaur zombies
  2 quasits
  9 starcursed masses (Abyss:3)
  9 hounds
  5 jellies
  13 orc priests
  24 orc wizards
  A gnoll shaman (D:6)
  2 giant frog skeletons
  7 iguanas
  A killer bee zombie (D:7)
  39 worker ants
  31 sheep
  2 hound zombies
  A hound skeleton (D:5)
  A worker ant zombie (D:11)
  8 gnolls (D:6)
  49 river rats
  11 adders
  A howler monkey skeleton (D:8)
  4 shadow imps
  An ooze (D:3)
  2 adder zombies
  3 dart slugs
  3 giant geckos
  75 orcs
  2 ball pythons
  8 bats
  8 giant cockroaches
  9 goblins
  3 hobgoblins
  4 jackals (D:1)
  4 quokkas
  4 giant newts
  36 kobolds
  6 rats
  A fungus (Lair:6)
  A starspawn tentacle (Abyss:3)
921 creatures vanquished.

Vanquished Creatures (others)
  A starcursed mass (Abyss:3)
  3 orcs (Bailey)
  A kobold (D:15)
  9 fungi
  19 plants
  2 starspawn tentacles (Abyss:3)
  13 starspawn tentacle segments (Abyss:3)
48 creatures vanquished.

Grand Total: 969 creatures vanquished

Notes
Turn   | Place    | Note
--------------------------------------------------------------
     0 | D:1      | varam the Troll Monk began the quest for the Orb.
     0 | D:1      | Reached XP level 1. HP: 22/22 MP: 0/0
   128 | D:1      | Reached XP level 2. HP: 24/29 MP: 1/1
   909 | D:2      | Reached XP level 3. HP: 36/36 MP: 2/2
  1790 | D:4      | Reached XP level 4. HP: 19/44 MP: 3/3
  1842 | D:4      | Found a staircase to the Ecumenical Temple.
  1906 | D:4      | Reached XP level 5. HP: 51/52 MP: 4/4
  2001 | Temple   | Entered the Ecumenical Temple
  2048 | Temple   | Became a worshipper of Warmaster Okawaru
  2048 | Temple   | Reached * piety under Okawaru
  2048 | Temple   | Reached ** piety under Okawaru
  2220 | D:3      | Reached skill level 5 in Unarmed Combat
  2463 | D:3      | Found a blossoming altar of Fedhas.
  2921 | D:4      | Reached XP level 6. HP: 54/61 MP: 5/5
  2945 | D:5      | Entered Level 5 of the Dungeon
  3068 | D:5      | Found a white marble altar of Elyvilon.
  3217 | D:5      | Found a radiant altar of Vehumet.
  3500 | D:6      | Reached XP level 7. HP: 66/67 MP: 6/6
  3716 | D:6      | Reached skill level 6 in Unarmed Combat
  3794 | D:6      | Reached *** piety under Okawaru
  3794 | D:6      | Reached skill level 5 in Dodging
  3863 | D:6      | Reached XP level 8. HP: 77/79 MP: 7/7
  4039 | D:6      | Found Yjiastre's Antique Weapon Shoppe.
  4043 | D:6      | Bought a faintly glowing war axe for 187 gold pieces
  4043 | D:6      | Identified the cursed +1 war axe of the Orange Skies {chop, +Rage Stlth+} (You bought it in a shop on level 6 of the Dungeon)
  4107 | D:6      | Reached skill level 5 in Fighting
  4112 | D:6      | Reached skill level 7 in Unarmed Combat
  4531 | D:7      | Found a shimmering altar of Xom.
  4542 | D:7      | Reached **** piety under Okawaru
  4577 | D:7      | Reached XP level 9. HP: 85/89 MP: 8/8
  4866 | D:7      | Reached skill level 8 in Unarmed Combat
  5034 | D:8      | Found a blossoming altar of Fedhas.
  5139 | D:8      | Noticed Monkfish's ghost (novice MiBe)
  5186 | D:8      | Killed Monkfish's ghost
  5263 | D:8      | Found Doerext's Book Shop.
  5287 | D:8      | Reached ***** piety under Okawaru
  5287 | D:8      | Reached skill level 9 in Unarmed Combat
  5435 | D:8      | Reached XP level 10. HP: 100/102 MP: 9/9
  6255 | D:9      | Received a gift from Okawaru
  6260 | D:9      | Got a translucent great mace {god gift}
  6261 | D:9      | Identified the +9 great mace of Koheud {drain, SInv} (Okawaru gifted it to you on level 9 of the Dungeon)
  6788 | D:10     | Entered Level 10 of the Dungeon
  6962 | D:10     | Noticed a manticore
  7152 | D:10     | Found a burning altar of Makhleb.
  7171 | D:10     | Killed a manticore
  7513 | D:10     | Noticed a hill giant
  7529 | D:10     | Killed a hill giant
  7529 | D:10     | Reached skill level 10 in Unarmed Combat
  7529 | D:10     | Reached skill level 1 in Invocations
  7829 | D:10     | Reached XP level 11. HP: 111/111 MP: 9/11
  7901 | D:11     | Found a staircase to the Lair.
  7928 | D:11     | Received a gift from Okawaru
  8239 | D:11     | Found Reghededgh's Jewellery Shoppe.
  8250 | D:11     | Bought an uncursed ring of see invisible for 270 gold pieces
  8266 | D:11     | Noticed a soul eater
  8405 | D:11     | Noticed a tengu warrior
  8687 | D:10     | Killed a tengu warrior
  8687 | D:10     | Reached skill level 11 in Unarmed Combat
  8695 | D:11     | Received a gift from Okawaru
  8868 | D:11     | Noticed a hill giant
  8873 | D:11     | Killed a hill giant
  8954 | D:11     | Noticed a white ugly thing
  8964 | D:11     | Killed a white ugly thing
  8964 | D:11     | Reached skill level 10 in Dodging
  8970 | D:11     | Gained mutation: You have a pair of small horns on your head. [mutagenic meat]
  9452 | D:12     | Noticed a green ugly thing
  9463 | D:12     | Killed a green ugly thing
  9463 | D:12     | Received a gift from Okawaru
  9545 | D:12     | Found a staircase to the Orcish Mines.
  9858 | D:12     | Noticed a deep elf mage
  9869 | D:12     | Killed a deep elf mage
  9873 | D:12     | Reached XP level 12. HP: 101/123 MP: 10/12
 10248 | Lair:1   | Entered Level 1 of the Lair of Beasts
 10465 | Lair:1   | Reached skill level 12 in Unarmed Combat
 10926 | Lair:1   | Found a burning altar of Makhleb.
 11570 | Lair:2   | Reached skill level 1 in Throwing
 11745 | Lair:2   | Noticed a queen ant
 11762 | Lair:2   | Received a gift from Okawaru
 11772 | Lair:2   | Killed a queen ant
 11772 | Lair:2   | Reached skill level 10 in Fighting
 12039 | Lair:2   | Reached XP level 13. HP: 107/133 MP: 15/15
 12764 | Lair:3   | Reached ****** piety under Okawaru
 12898 | Lair:3   | Noticed Rupert
 12913 | Lair:3   | Killed Rupert
 12913 | Lair:3   | Received a gift from Okawaru
 12913 | Lair:3   | Reached skill level 5 in Invocations
 13833 | Lair:4   | Reached skill level 1 in Armour
 13888 | Lair:4   | Reached skill level 5 in Throwing
 13998 | Lair:4   | Reached skill level 1 in Evocations
 14759 | Lair:4   | Found a staircase to the Shoals.
 15174 | Lair:5   | Found a staircase to the Snake Pit.
 15210 | Lair:5   | Gained mutation: You are partially covered in large bone plates (AC +2, SH +2). [mutagenic meat]
 15670 | Lair:5   | Received a gift from Okawaru
 16766 | Lair:7   | Received a gift from Okawaru
 16778 | Lair:7   | Reached skill level 5 in Armour
 16987 | Lair:7   | Reached XP level 14. HP: 142/143 MP: 8/16
 16995 | Lair:7   | Received a gift from Okawaru
 17198 | Lair:7   | Received a gift from Okawaru
 17203 | Lair:7   | Reached skill level 5 in Evocations
 18239 | Lair:8   | Entered Level 8 of the Lair of Beasts
 19128 | Lair:8   | Received a gift from Okawaru
 19290 | Lair:8   | Received a gift from Okawaru
 19664 | Lair:8   | Found a staircase to the Slime Pits.
 19856 | Lair:8   | Reached XP level 15. HP: 142/152 MP: 10/18
 19904 | Lair:8   | Got a polished falchion
 19905 | Lair:8   | Identified the +1 falchion of Xeppotrer {slice, MR++ Str-5 Int+3 Dex+2} (You found it on level 8 of the Lair of Beasts)
 20319 | Orc:1    | Entered Level 1 of the Orcish Mines
 20705 | Orc:2    | Entered Level 2 of the Orcish Mines
 20711 | Orc:2    | Noticed varam's ghost (journeyman TrMo)
 21068 | Orc:2    | Killed varam's ghost
 21080 | Orc:1    | Received a gift from Okawaru
 21228 | Orc:2    | Reached skill level 13 in Unarmed Combat
 21283 | Orc:2    | Found a staircase to the Elven Halls.
 21367 | Orc:2    | Found Onleeko's Book Emporium.
 21370 | Orc:2    | Received a gift from Okawaru
 21596 | Orc:2    | Found Qapnaz's Jewellery Emporium.
 21617 | Orc:2    | Found Foigin's Antique Weapon Shop.
 21622 | Orc:2    | Found Uxovos's General Store.
 21674 | Orc:2    | Bought the ring "Muom" {SustAt +Fly Int-2 Slay+6 SInv} for 828 gold pieces
 21676 | Orc:2    | Bought a +3 amulet of reflection for 400 gold pieces
 22027 | Orc:2    | Bought a potion of might for 56 gold pieces
 22027 | Orc:2    | Bought a plain deck of defence for 196 gold pieces
 22027 | Orc:2    | Bought a scroll of identify for 28 gold pieces
 22263 | D:12     | Found a stormy altar of Qazlal.
 22549 | D:12     | Received a gift from Okawaru
 22588 | D:12     | Received a gift from Okawaru
 22592 | D:12     | Found a deep blue altar of Sif Muna.
 22598 | D:12     | Noticed a deep elf sorcerer
 22607 | D:12     | Killed a deep elf sorcerer
 22737 | D:12     | Got a fine cloak
 22750 | D:12     | Identified the cursed +0 cloak of Mirth {MR+} (You found it on level 12 of the Dungeon)
 22786 | D:12     | Identified the Incunabulum of Hexes and Confrontation
 22788 | D:12     | Identified Fiukierphe's Disquisition on Augmentations and Companions
 22803 | D:12     | Identified Jinaamp's Incunabulum of Poisoning and Curses
 22805 | D:12     | Identified Sif Muna's Grimoire of the Glacier and the Arsonist
 22807 | D:12     | Identified a +0 rod of shadows (14/14) (You found it on level 12 of the Dungeon)
 22870 | D:12     | Identified the Collected Works on Flames and Enhancements (You found it on level 12 of the Dungeon)
 23255 | D:13     | Found a flagged portal.
 23269 | Bailey   | Entered a bailey
 23338 | Bailey   | Noticed dvd's ghost (novice DsFE)
 23349 | Bailey   | Killed dvd's ghost
 23600 | Bailey   | Found a roughly hewn altar of Beogh.
 24356 | D:14     | Received a gift from Okawaru
 24567 | D:14     | Received a gift from Okawaru
 24676 | D:14     | Found a gate to the Vaults.
 24817 | D:14     | Reached XP level 16. HP: 162/162 MP: 20/20
 24826 | D:14     | Received a gift from Okawaru
 25212 | D:14     | Received a gift from Okawaru
 25288 | D:14     | Found a shadowy altar of Dithmenos.
 25410 | D:15     | Entered Level 15 of the Dungeon
 25486 | D:15     | Received a gift from Okawaru
 25552 | D:15     | Noticed Louise
 25574 | D:15     | Cast into level 3 of the Abyss (Louise)
 25791 | Abyss:3  | Noticed a tentacled starspawn
 25809 | Abyss:3  | Killed a tentacled starspawn
 25832 | Abyss:3  | Received a gift from Okawaru
 25832 | Abyss:3  | Reached skill level 14 in Unarmed Combat
 25899 | Abyss:3  | HP: 4/163 [starcursed mass/accursed screaming (8)]
 25900 | Abyss:3  | Killed from afar by a starcursed mass

Skill      XL: |  1  2  3  4  5  6  7  8  9 10 11 12 13 14 15 16 |
---------------+-------------------------------------------------+-----
Dodging        | 3 4 5 6 7 9 10 11 12 13 | 13.1
Stealth        | 2 |  2.3
Fighting       | 3 4 5 7 8 9 10 11 | 11.5
Unarmed Combat | 5 6 7 9 10 11 12 13 14 | 14.0
Invocations    | 1 2 4 5 6 |  6.7
Throwing       | 3 5 6 8 |  8.9
Armour         | 5 6 8 |  8.3
Evocations     | 4 5 6 |  6.2

Action                   |  1- 3 |  4- 6 |  7- 9 | 10-12 | 13-15 | 16-18 || total
-------------------------+-------+-------+-------+-------+-------+-------++-------
Melee: Unarmed           |   121 |   122 |   320 |   811 |  1387 |   176 ||  2937
       Punch             |     2 |     3 |    11 |    56 |   114 |    10 ||   196
       War axe           |       |       |    11 |       |       |       ||    11
       Great mace        |       |       |       |     1 |       |       ||     1
       Headbutt          |       |       |       |   123 |   376 |    48 ||   547
       Shillelagh        |       |       |       |     3 |       |       ||     3
Throw: Tomahawk          |       |       |     2 |     7 |    29 |       ||    38
       Large rock        |       |       |       |       |    44 |    10 ||    54
       Javelin           |       |       |       |       |    32 |    16 ||    48
Invok: Heroism           |       |       |    10 |    23 |    23 |     6 ||    62
       Finesse           |       |       |       |       |     3 |     2 ||     5
 Abil: Evoke Invisibilit |       |       |       |     1 |     5 |       ||     6
       Evoke Berserk Rag |       |       |       |       |     6 |       ||     6
  Use: Scroll            |       |       |     3 |     7 |    13 |       ||    23
       Potion            |       |       |     1 |     1 |     1 |     6 ||     9
 Stab: Sleeping          |     1 |     3 |       |     2 |       |       ||     6
       Distracted        |       |       |     1 |       |       |       ||     1
       Invisible         |       |       |       |     3 |    16 |       ||    19
  Eat: Chunk             |    13 |    16 |    24 |    59 |   126 |    11 ||   249
       Fruit             |       |     3 |       |       |       |       ||     3
       Meat ration       |       |       |       |     1 |       |       ||     1
Armor: Robe              |    17 |       |       |       |       |       ||    17
       Troll leather arm |    41 |    34 |    99 |   158 |    12 |       ||   344
       Storm dragon armo |       |       |       |       |   669 |   141 ||   810
Dodge: Dodged            |    89 |    63 |   217 |   562 |   828 |   143 ||  1902
Block: Other             |       |       |       |       |   120 |    55 ||   175
       Reflection        |       |       |       |       |     8 |     2 ||    10
